 Dungeon Crawl Stone Soup version 0.27-a0-1242-ge70438ac7b (webtiles) character file.

Game seed: 1756437286396696792

84 27snakeeyes612 the Skirmisher (level 4, -12/42 HPs)
             Began as a Naga Fighter on June 9, 2021.
             Mangled by an ogre
             ... wielding a +0 giant club
              (22 damage)
             ... on level 3 of the Dungeon.
             The game lasted 00:02:20 (2305 turns).

27snakeeyes612 the Skirmisher (Naga Fighter)        Turns: 2305, Time: 00:02:21

Health: -12/42     AC:  6    Str: 19    XL:     4   Next: 46%
Magic:  4/4        EV:  5    Int:  9    God:
Gold:   86         SH:  8    Dex: 10    Spells: 3/3 levels left

rFire    . . .     SeeInvis +   a - +0 war axe
rCold    . . .     Faith    .   c - +0 kite shield
rNeg     . . .     Spirit   .   b - +0 scale mail
rPois    +         Reflect  .   e - +0 helmet
rElec    .         Harm     .   (no cloak)
rCorr    .         Rampage  .   (no gloves)
Will     .....                  (no barding)
Stlth    ..........             (no amulet)
HPRegen  0.14/turn              (no ring)
MPRegen  0.09/turn              (no ring)

@: mighty, very slow
A: AC +1, large, see invisible, deformed body, poison resistance, slowness 2,
spit poison 1, naga tail 1
a: Spit Poison


You were on level 3 of the Dungeon.
You visited 1 branch of the dungeon, and saw 3 of its levels.

You collected 86 gold pieces.

Inventory:

Hand Weapons
 a - a +0 war axe (weapon)
Armour
 b - a +0 scale mail (worn)
 c - a +0 kite shield (worn)
 e - a +0 helmet (worn)
 k - a +0 cloak
Scrolls
 f - a scroll of blinking {unknown}
 h - a scroll of identify {unknown}
 i - a scroll of teleportation {unknown}
Potions
 d - a potion of might
 g - a potion of haste {unknown}
 j - a potion of mutation {unknown}


   Skills:
 + Level 3.3 Fighting
 + Level 3.0 Axes
 + Level 3.2 Armour
 + Level 0.3 Dodging
 + Level 2.7 Shields


You had 3 spell levels left.
You didn't know any spells.
Your spell library was empty.

Dungeon Overview and Level Annotations

Branches:
Dungeon (3/15)

Altars:


Innate Abilities, Weirdness & Mutations

Your serpentine skin is tough. (AC +1)
You have supernaturally acute eyesight. (SInv)
Armour fits poorly on your strangely shaped body.
Your system is resistant to poisons. (rPois)
You cover ground very slowly.
You can spit poison.
You have a snake-like lower body.


Message History

You hit the orc.
The orc is moderately wounded.
The orc barely misses you. The orc hits you but does no damage.
You slash the orc!
You kill the orc!
Your Axes skill increases to level 3!
No target in view!
No target in view!
No target in view!
No target in view!
No target in view!
No target in view!
No target in view!
No target in view!
HP restored.
Things that are here:
a +0 dagger; a +0 scale mail You now have 86 gold pieces (gained 14).
You see here 17 arrows.
An ogre comes into view. It is wielding a +0 giant club.
The ogre shouts!
An ogre is nearby!
Abil: Spit Poison
Press: ? - help, Q - select action Shift-Dir - straight line, f - ogre
Aim: an ogre, wielding a +0 giant club The splash of poison hits the ogre.
The ogre is poisoned.
The ogre is lightly wounded.
You feel very mighty all of a sudden.
You slash the ogre!
The ogre is heavily wounded.
The ogre hits you with a +0 giant club!!
Ouch! That really hurt!
* * * LOW HITPOINT WARNING * * *
You hit the ogre.
The ogre is severely wounded.
You have got your breath back.
You block the ogre's attack.
The ogre hits you with a +0 giant club!!
Ouch! That really hurt!
You die...

####.# #.# ...#.#######
#.#
........>..####.#######
.....#####.#...........
##)#.# #....#........
#.#.# #.#.#.(.######
#.#.# #..#.##..# #.#..
........# #.#.#
..#.##.@######.. #.#.#
#.# #..$O....... #.#.#
............... .....
....#.#.###.#...
#.#.#.#.# .. # # #
#...# #.# ###.# # #.#
#.


You could see an ogre (poisoned).

Vanquished Creatures
  Crazy Yiuf (D:2)
  A worm (D:2)
  A dart slug (D:2)
  An orc (D:3)
  6 bats
  2 endoplasms (D:1)
  2 giant cockroaches
  4 goblins
  2 hobgoblins
  4 jackals (D:2)
  4 quokkas
  3 ball pythons
  5 frilled lizards
  8 kobolds
  A rat (D:1)
45 creatures vanquished.

Notes
Turn   | Place    | Note
-------+----------+-------------------------------------------
     0 | D:1      | 27snakeeyes612 the Naga Fighter began the quest for the
                  | Orb.
     0 | D:1      | Reached XP level 1. HP: 21/21 MP: 1/1
    97 | D:1      | Reached XP level 2. HP: 27/28 MP: 2/2
   428 | D:1      | Found a faded altar of an unknown god.
   518 | D:1      | Reached XP level 3. HP: 32/34 MP: 3/3
  1656 | D:2      | Found a runed translucent door.
  1657 | D:2      | Noticed Crazy Yiuf
  2100 | D:2      | Killed Crazy Yiuf
  2101 | D:2      | Reached XP level 4. HP: 30/42 MP: 4/4
  2298 | D:3      | Noticed an ogre
  2305 | D:3      | Mangled by an ogre

Illustrated notes

Levels and vault maps discovered:
D:1:      evilmike_arrival_plus, layout_basic,
          hellmonk_ecumenical_altar_lost_god
D:2:      layout_loops_corners, minmay_lizard_pond, uniq_crazy_yiuf_cottage
D:3:      layout_loops_ring, marbit_many_paths, hangedman_abyss_or_decor_stabs,
          uniq_robin, uniq_natasha, uniq_terence

Skill      XL: |  1  2  3  4 |
---------------+-------------+-----
Armour         | 3 |  3.2
Axes           | 3 |  3.0
Fighting       | |  3.3
Dodging        | |  0.3
Shields        | |  2.7

Action                   |  1- 3 |  4- 6 || total
-------------------------+-------+-------++-------
Melee: War axe           |   107 |     5 ||   112
 Abil: Spit Poison       |     5 |     1 ||     6
  Use: Potion            |       |     1 ||     1
Armor: Scale mail        |    64 |     1 ||    65
Dodge: Dodged            |    29 |     2 ||    31
Block: Kite shield       |    54 |     1 ||    55

Table legend: (Time is in decaauts)
 A = Elapsed time spent in this place.
 B = Non-inter-level travel time spent in this place.
 C = Inter-level travel time spent in this place.
 D = Time resting spent in this place.
 E = Time spent auto-exploring this place.
 F = Levels seen in this place.
 G = Mean time per level.
                   A        B        C        D        E       F      G
               +--------+--------+--------+--------+--------+-----+--------+
         Total |   2931 |   2841 |     90 |      0 |   2537 |   3 |  977.0 |
       Dungeon |   2931 |   2841 |     90 |      0 |   2537 |   3 |  977.0 |
               +--------+--------+--------+--------+--------+-----+--------+

Top non-repeatable levels by time:
     D:2: 1891 daAuts
     D:1: 962 daAuts
     D:3: 77 daAuts
